 Dungeon Crawl Stone Soup version 0.20-a0-640-g62ed22f (webtiles) character file.

616 polly the Shield-Bearer (level 7, 0/44 HPs)
             Began as a Gargoyle Fighter on Feb 12, 2017.
             Slain by an adder skeleton (3 damage)
             ... on level 6 of the Dungeon.
             The game lasted 00:04:35 (3530 turns).

polly the Shield-Bearer (Gargoyle Fighter)          Turns: 3530, Time: 00:04:36

Health: 0/44       AC: 15    Str: 21    XL:     7   Next: 45%
Magic:  7/7        EV:  6    Int:  8    God:
Gold:   234        SH: 10    Dex: 10    Spells: 6/6 levels left

rFire    . . .     SeeInvis .   a - +0 flail
rCold    . . .     Gourm    .   o - +0 chain mail
rNeg     + . .     Faith    .   c - +0 shield
rPois    ∞         Spirit   .   (no helmet)
rElec    +         Reflect  .   m - scarf {repulsion}
rCorr    .         Harm     .   b - +0 pair of gloves
MR       .....                  (no boots)
Stlth    ..........             (no amulet)
Regen    0.2/turn               (no ring)
MPRegen  0.1/turn               (no ring)

@: repel missiles
A: negative energy resistance 1, electricity resistance, unbreathing,
petrification resistance, rot immunity, AC +4
a: no special abilities


You were on level 6 of the Dungeon.
You were very hungry.

You visited 1 branch of the dungeon, and saw 6 of its levels.

You collected 234 gold pieces.

Inventory:

Hand Weapons
 a - a +0 flail (weapon)
Armour
 b - a +0 pair of gloves (worn)
 c - a +0 shield (worn)
 m - a scarf of repulsion (worn)
 o - a +0 chain mail (worn)
Scrolls
 g - 5 scrolls of identify
 i - a scroll of immolation {unknown}
 j - 2 scrolls of teleportation
 k - a scroll of fog {unknown}
 u - a scroll of remove curse
 v - 2 scrolls of amnesia {unknown}
Potions
 d - 2 potions of might
 e - 3 potions of ambrosia {unknown}
 h - a potion of heal wounds {unknown}
 l - a potion of curing {unknown}
 n - 3 potions of mutation {unknown}
 r - a potion of brilliance {unknown}
 t - a potion of flight {unknown}
 x - a potion of invisibility {unknown}
Comestibles
 f - 6 bread rations
 p - 3 meat rations
 q - 29 fruits


   Skills:
 + Level 4.8 Fighting
 + Level 4.5 Maces & Flails
 + Level 5.0 Armour
 + Level 0.8 Dodging
 + Level 0.8 Stealth
 + Level 5.5 Shields


You had 6 spell levels left.
You didn't know any spells.

Dungeon Overview and Level Annotations

Branches:
Dungeon (6/15)
 Temple: D:4-7

Altars:
Gozag


Innate Abilities, Weirdness & Mutations

You are resistant to torment.
Your stone body is resilient. (AC +4)
You are immune to poison.
You resist negative energy. (rN+)
You are resistant to electric shocks. (rElec)
You can survive without breathing.
You are immune to petrification.
You are immune to rotting.


Message History

The quokka bites you but does no damage.
The adder skeleton bites you but does no damage.
The wyvern skeleton barely misses you.
You hit the wyvern skeleton.
You destroy the wyvern skeleton!
You block the quokka's attack. The adder skeleton barely misses you.
The quokka bites you but does no damage.
The adder skeleton bites you.
* * * LOW HITPOINT WARNING * * *
You block the quokka's attack.
Found a stone staircase leading up.
You see here a chain mail.
You barely miss the adder skeleton. You block the adder skeleton's attack.
The quokka bites you but does no damage.
The adder skeleton completely misses you.
The quokka bites you but does no damage.
You sock the adder skeleton!
The adder skeleton is severely damaged.
The adder skeleton bites you.
You die...

####+#######
#...r.......
#..@Z.......
#...........
#...........
#...........
#.....######
#.....#
#.....#
#...<.#


You could see a quokka and an adder skeleton.

Vanquished Creatures
  An ogre (D:4)
  A scorpion (D:3)
  A wyvern skeleton (D:6)
  A crimson imp (D:5)
  A hound (D:4)
  An orc wizard (D:5)
  A bullfrog skeleton (D:4)
  An iguana (D:4)
  4 worker ants
  2 hound skeletons (D:4)
  8 adders
  A worm (D:3)
  A dart slug (D:2)
  4 leopard geckos
  13 orcs
  3 giant cockroaches
  7 goblins
  5 hobgoblins
  3 jackals (D:4)
  2 quokkas (D:3)
  8 bats
  4 frilled lizards
  3 kobolds
  5 rats
81 creatures vanquished.

Notes
Turn   | Place    | Note
-------+----------+-------------------------------------------
     0 | D:1      | polly the Gargoyle Fighter began the quest for the Orb.
     0 | D:1      | Reached XP level 1. HP: 14/14 MP: 1/1
   251 | D:1      | Reached XP level 2. HP: 19/19 MP: 2/2
   717 | D:2      | Reached XP level 3. HP: 21/23 MP: 3/3
  1604 | D:3      | Reached XP level 4. HP: 29/29 MP: 4/4
  2190 | D:3      | Reached XP level 5. HP: 22/33 MP: 5/5
  2658 | D:4      | Reached XP level 6. HP: 38/39 MP: 6/6
  2965 | D:4      | Reached skill level 5 in Shields
  3127 | D:4      | Reached XP level 7. HP: 44/44 MP: 7/7
  3156 | D:4      | Reached skill level 5 in Armour
  3262 | D:5      | Entered Level 5 of the Dungeon
  3318 | D:5      | Found an opulent altar of Gozag.
  3530 | D:6      | Slain by an adder skeleton

Vault maps used:
D:1:      lightli_arrival_boilingwater
D:2:      first_bread
D:3:      patterned_corridor
D:4:      grunt_ministairs_12, columned_hall_lemuel, dk_vineyard_1,
          minmay_cut_off
D:5:      kennysheep_mini_moat, minmay_temple_entry_purple_smoke, basic_altar,
          lightli_sewer_entry_pipes, uniq_blork_the_orc
D:6:      serial_shops, nicolae_shop_stone, minivault_22

Skill      XL: |  1  2  3  4  5  6  7 |
---------------+----------------------+-----
Fighting       | 4 |  4.8
Armour         | 4 5 |  5.0
Shields        | 4 5 |  5.5
Maces & Flails | 3 4 |  4.5
Dodging        | |  0.8
Stealth        | |  0.8

Action                   |  1- 3 |  4- 6 |  7- 9 || total
-------------------------+-------+-------+-------++-------
Melee: Flail             |   147 |   191 |    89 ||   427
  Use: Scroll            |       |       |     3 ||     3
  Eat: Chunk             |     2 |     6 |       ||     8
Armor: Scale mail        |    28 |       |       ||    28
       Chain mail        |    88 |   105 |    81 ||   274
Dodge: Dodged            |    56 |    51 |    39 ||   146
Block: Shield            |    75 |   100 |    71 ||   246
